Map: 세룰리안 폴 - 래더

Players

GuMiho

  • Race: Terran Terran
  • League: Grandmaster
  • Spawn Location: 7:00

Hurricane - Winner!

  • Race: Protoss Protoss
  • League: Master
  • Spawn Location: 1:00

Event: IEM Season 13 - Katowice Server Qualifiers Asia 2

VOD

Have the link to the VOD?

Description

Time

  • Played on: Jan. 22, 2019, 6:06 a.m.
  • Length: 9:00

All games in this series

Show
View Real Time Build Order
Export as new Build Order

GuMiho Terran 

Build Orders: Reaper Expand 

Get SALT Encoding   

  12  0:00  SCV  
  13  0:12  SCV  
  14  0:17  Supply Depot  
  14  0:25  SCV  
  15  0:39  SCV  
  15  0:41  Barracks  
  16  0:44  Refinery  
  16  0:51  SCV  
  17  1:03  SCV  
  18  1:15  SCV  
  19  1:27  Reaper, Orbital Command  
  20  1:43  Command Center  
  20  1:49  Supply Depot  
  20  1:53  SCV  
  21  1:59  Marine  
  22  2:06  SCV  
  23  2:10  Factory  
  23  2:15  Refinery  
  23  2:18  SCV  
  23  2:19  Barracks Tech Lab  
  24  2:30  SCV  
  25  2:38  Marauder  
  25  2:42  SCV  
  28  2:53  Hellion, Starport  
  28  2:55  SCV  
  31  3:00  Orbital Command  
  31  3:07  SCV  
  31  3:10  Barracks Tech Lab  
  32  3:19  SCV  
  33  3:21  Cyclone  
  35  3:28  SCV  
  35  3:32  SCV, Stimpack  
  37  3:34  Barracks  
  37  3:36  Barracks  
  37  3:42  SCV  
  37  3:44  SCV  
  37  3:45  Viking  
  41  3:50  Supply Depot  
  41  3:54  SCV  
  41  3:55  Refinery  
  42  3:58  Widow Mine  
  42  3:59  SCV  
  45  4:04  Engineering Bay  
  45  4:07  SCV  
  46  4:12  SCV  
  47  4:19  Siege Tank  
  47  4:20  SCV  
  47  4:22  Barracks Reactor  
  52  4:24  SCV  
  52  4:27  Barracks Reactor  
  52  4:31  Missile Turret  
  52  4:35  Supply Depot  
  52  4:39  SCV x2  
  52  4:40  Terran Infantry Weapons Level 1  
  52  4:43  Supply Depot  
  54  4:46  Starport Reactor  
  54  4:51  Refinery, Supply Depot  
  54  4:56  Marine  
  54  4:57  SCV x2  
  57  5:00  Siege Tank  
  57  5:01  Marine x2  
  57  5:04  Supply Depot  
  62  5:09  SCV x2  
  62  5:14  Marine x2  
  62  5:16  Marine  
  62  5:20  Marine x2  
  67  5:21  SCV x2  
  67  5:25  Medivac x2  
  73  5:31  Supply Depot  
  73  5:32  Marine x2  
  73  5:33  SCV x2  
  73  5:35  Siege Tank  
  80  5:38  Marine x2  
  80  5:40  Marine  
  83  5:45  SCV  
  83  5:46  SCV  
  85  5:50  Marine, Combat Shield  
  85  5:52  Marine  
  85  5:53  Supply Depot  
  85  5:54  Supply Depot  
  87  6:00  Marine, Liberator  
  87  6:01  Marine x2  
  87  6:02  Liberator  
  90  6:10  Command Center  
  93  6:21  Marine  
  93  6:23  Marine  
  93  6:24  Marine  
  99  6:26  Marine  
  99  6:27  Marine  
  101  6:34  Siege Tank  
  103  6:44  Marine x2  
  103  6:45  Marine  
  103  6:46  Marauder  
  108  6:51  SCV  
  108  6:52  SCV  
  107  7:02  Medivac  
  107  7:08  Barracks x2  
  109  7:09  Siege Tank, Medivac  
  84  7:24  SCV x2  
  84  7:27  Marine x4, Marauder  
  87  7:36  SCV x2  
  91  7:41  Viking x2  
  93  7:46  Orbital Command, Starport  
  93  7:47  Factory Reactor  
  93  7:48  SCV  
  93  7:49  SCV  
  93  8:01  Refinery, SCV x2  
  93  8:02  Marauder, Barracks Tech Lab  
  93  8:03  Marine  
  93  8:04  Marine, Barracks Tech Lab, Refinery  
  93  8:05  Marine x2  
  101  8:07  Missile Turret  
  101  8:13  SCV x2  
  101  8:14  Viking  
  101  8:15  Viking  
  101  8:17  SCV  
  108  8:26  Marauder x3  
  114  8:28  Marine x3  
  114  8:30  Marine  
  120  8:35  Armory  
  120  8:36  Engineering Bay  
  120  8:41  SCV x3  
  123  8:43  Supply Depot  
Show
View Real Time Build Order
Export as new Build Order

Hurricane Protoss - Winner!

Build Orders: 1 Gate Expand, Oracle Opening, Blink Stalkers, Colossus Rush 

Get SALT Encoding   

  12  0:00  Probe  
  13  0:12  Probe  
  14  0:17  Pylon  
  14  0:24  Probe  
  15  0:32  Probe  
  15  0:36  Gateway  
  15  0:40  Probe  
  16  0:45  Assimilator  
  17  0:51  Probe  
  18  1:03  Probe  
  19  1:15  Probe  
  20  1:24  Nexus  
  20  1:33  Cybernetics Core  
  20  1:35  Probe  
  21  1:40  Assimilator  
  21  1:47  Probe  
  21  1:52  Pylon  
  22  1:59  Probe  
  22  2:01  Adept  
  23  2:10  Warp Gate  
  23  2:11  Probe  
  26  2:24  Probe  
  26  2:27  Stalker  
  29  2:33  Probe x2  
  29  2:36  Twilight Council  
  31  2:41  Probe x2  
  31  2:50  Probe  
  31  2:51  Probe  
  33  2:57  Sentry  
  37  3:01  Blink  
  37  3:02  Probe  
  37  3:03  Probe  
  39  3:11  Gateway  
  39  3:12  Gateway  
  39  3:14  Probe  
  39  3:16  Probe  
  41  3:25  Oracle  
  41  3:28  Probe  
  41  3:30  Probe  
  41  3:31  Pylon  
  41  3:33  Stalker  
  45  3:40  Probe, Assimilator  
  46  3:46  Assimilator  
  46  3:48  Robotics Facility  
  46  3:50  Probe  
  46  3:53  Probe  
  48  4:00  Forge  
  48  4:02  Probe  
  49  4:05  Probe  
  50  4:14  Probe  
  50  4:15  Pylon  
  51  4:17  Probe  
  51  4:21  Pylon  
  52  4:25  Pylon  
  52  4:26  Probe  
  53  4:34  Observer  
  53  4:37  Probe  
  54  4:40  Stalker x3  
  54  4:42  Protoss Ground Weapons Level 1  
  54  4:43  Probe  
  62  4:49  Robotics Bay  
  62  4:51  Observer  
  62  5:03  Probe x2  
  62  5:04  Immortal  
  68  5:15  Nexus  
  68  5:17  Pylon  
  68  5:20  Sentry  
  70  5:22  Stalker  
  70  5:23  Stalker  
  74  5:28  Probe x2  
  74  5:29  Extended Thermal Lance  
  74  5:31  Colossus  
  78  5:45  Observer  
  82  5:50  Gateway  
  82  5:54  Observer, Gateway  
  82  6:03  Gateway  
  82  6:05  Charge, Pylon  
  82  6:08  Sentry, Zealot  
  82  6:11  Pylon  
  86  6:12  Colossus  
  92  6:30  Stalker x2  
  96  6:38  Protoss Ground Armor Level 1  
  96  6:44  Stalker  
  98  6:47  Pylon  
  98  6:54  Zealot, Stalker x3  
  102  6:56  Probe x2  
  102  7:17  Stalker x4  
  102  7:19  Probe x2  
  102  7:24  Probe  
  102  7:27  Observer  
  102  7:28  Pylon  
  99  7:31  Probe  
  99  7:32  Probe, Warp Prism  
  99  7:36  Probe  
  104  7:39  Gateway  
  104  7:40  Sentry x2  
  104  7:41  Gateway  
  104  7:43  Pylon  
  108  7:46  Observer  
  108  7:47  Assimilator  
  108  7:48  Assimilator  
  108  7:54  Sentry, Zealot  
  108  7:55  Zealot x2  
  108  7:56  Observer  
  116  8:02  Probe x3, Pylon  
  119  8:10  Observer  
  125  8:14  Pylon  
  125  8:26  Templar Archives  
  125  8:28  Zealot x3  
  125  8:29  Zealot x2  
  135  8:34  Zealot x2  
  133  8:54  Stalker x5  
  133  8:55  Stalker  
  145  8:58  Zealot  
  145  8:59  Zealot  

Tags
 
Add a new tag
Caveats
  • Supply blocks, unpowered buildings, or Contaminate may cause inaccurate times.
  • Supply counts are checked every 10 seconds.